[Event "DEN-ch KK 2020"]
[Site "Svendborg"]
[Date "2020.10.17"]
[Round "6.8"]
[White "Nordenbaek, Jan"]
[Black "Steffensen, Elena"]
[Result "1/2-1/2"]
[ECO "A40"]
[WhiteElo "2238"]
[BlackElo "2081"]
[Annotator "ChessBase"]
[PlyCount "89"]
[EventDate "2020.10.09"]
[EventType "tourn"]
[EventCountry "DEN"]
[SourceTitle "playchess.com"]
[Source "ChessBase"]
[SourceQuality "1"]
[TimeControl "40/5400+30:1800+30"]

1. d4 g6 2. c4 c6 3. Bf4 Nf6 4. Nc3 Bg7 5. e3 d6 6. h3 O-O 7. Nf3 Nbd7 8. Be2 Re8 9. O-O Qc7 10. c5 Nh5 11. cxd6 exd6 12. Bh2 Nf8 13. Rc1 Qe7 14. b4 d5 15. b5 Be6 16. bxc6 bxc6 17. Ne5 Bxe5 18. Bxe5 Ng7 19. Na4 Nd7 20. Bh2 Nb6 21. Nxb6 axb6 22. Rxc6 Rxa2 23. Rxb6 Nf5 24. Bd3 Qg5 25. Bf4 Qh4 26. Qf3 Ng7 27. Rfb1 Ra3 28. Bb5 Rc8 29. Ba6 Re8 30. Bd6 Ra2 31. Bb5 Rc8 32. Bc6 Nf5 33. Be5 Rc2 34. Ba4 Rc1+ 35. Kh2 Nh6 36. Bd1 Ng4+ 37. Kg1 Nxe5 38. dxe5 Qc4 39. Kh2 Qc7 40. Rxc1 Qxe5+ 41. Qg3 Qxg3+ 42. Kxg3 Rxc1 43. Bf3 Rc2 44. Rd6 Rd2 45. Bg4 1/2-1/2

[Event "DEN-ch KK 2020"]
[Site "Svendborg"]
[Date "2020.10.17"]
[Round "6.10"]
[White "Nilssen, Ellen Fredericia"]
[Black "Easwaralingam, Adesh"]
[Result "0-1"]
[ECO "A15"]
[WhiteElo "2209"]
[BlackElo "2110"]
[Annotator "ChessBase"]
[PlyCount "54"]
[EventDate "2020.10.09"]
[EventType "tourn"]
[EventCountry "DEN"]
[SourceTitle "playchess.com"]
[Source "ChessBase"]
[SourceQuality "1"]
[TimeControl "40/5400+30:1800+30"]

1. c4 Nf6 2. Nf3 e6 3. a3 d5 4. e3 c5 5. d4 dxc4 6. Bxc4 Nc6 7. O-O cxd4 8. exd4 Be7 9. Nc3 O-O 10. Re1 a6 11. Bf4 b5 12. Ba2 Bb7 13. Rc1 Rc8 14. d5 exd5 15. Nxd5 Nxd5 16. Bxd5 Bf6 17. Bd6 Re8 18. Bxf7+ Kxf7 19. Qd5+ Kg6 20. Qd3+ Kf7 21. Qd5+ Kg6 22. Rxe8 Qxe8 23. g4 Ne5 24. Nxe5+ Qxe5 25. Qd3+ Kf7 26. Bxe5 Rxc1+ 27. Qd1 Rxd1# 0-1

[Event "DEN-ch KK 2020"]
[Site "Svendborg"]
[Date "2020.10.17"]
[Round "6.11"]
[White "Hald Falkesgaard, Jeppe"]
[Black "Liu, Casper"]
[Result "0-1"]
[ECO "A43"]
[WhiteElo "1984"]
[BlackElo "2155"]
[Annotator "ChessBase"]
[PlyCount "48"]
[EventDate "2020.10.09"]
[EventType "tourn"]
[EventCountry "DEN"]
[SourceTitle "playchess.com"]
[Source "ChessBase"]
[SourceQuality "1"]
[TimeControl "40/5400+30:1800+30"]

1. d4 c5 2. d5 f5 3. c4 d6 4. g3 g6 5. Bg2 Bg7 6. Nf3 Nf6 7. O-O O-O 8. Nc3 Na6 9. Re1 Nc7 10. e4 fxe4 11. Ng5 Rb8 12. Ncxe4 Nxe4 13. Bxe4 Bf5 14. a4 a6 15. Qe2 Qc8 16. Qc2 b5 17. axb5 axb5 18. Bxf5 Rxf5 19. Ra7 Bd4 20. Kh1 Rb7 21. Rxb7 Qxb7 22. b3 bxc4 23. bxc4 e6 24. Qe4 Re5 0-1

[Event "DEN-ch KK 2020"]
[Site "Svendborg"]
[Date "2020.10.17"]
[Round "6.12"]
[White "Guindy, Esmat Susanne"]
[Black "Holm, Filip"]
[Result "1/2-1/2"]
[ECO "E65"]
[WhiteElo "2131"]
[BlackElo "2210"]
[Annotator "ChessBase"]
[PlyCount "62"]
[EventDate "2020.10.09"]
[EventType "tourn"]
[EventCountry "DEN"]
[SourceTitle "playchess.com"]
[Source "ChessBase"]
[SourceQuality "1"]
[TimeControl "40/5400+30:1800+30"]

1. c4 d6 2. Nc3 Nf6 3. g3 g6 4. Bg2 Bg7 5. d4 O-O 6. Nf3 c5 7. O-O Nc6 8. b3 Bg4 9. Be3 Qa5 10. Rc1 Rfd8 11. d5 Nb4 12. Qd2 Nd7 13. a4 Bf5 14. Na2 b6 15. Nxb4 Qxb4 16. Qxb4 cxb4 17. Nd4 Bxd4 18. Bxd4 Nc5 19. Bxc5 bxc5 20. Rfe1 Bd7 21. e4 f6 22. f4 Re8 23. e5 Bf5 24. e6 g5 25. Bf3 gxf4 26. Bh5 Bg6 27. Bxg6 hxg6 28. gxf4 Kg7 29. Re3 Rh8 30. h3 Rh4 31. Rf1 Rah8 1/2-1/2

[Event "DEN-ch KK 2020"]
[Site "Svendborg"]
[Date "2020.10.18"]
[Round "7.7"]
[White "Laursen, Niels Norskov"]
[Black "Thuesen, Mogens"]
[Result "0-1"]
[ECO "C11"]
[WhiteElo "2247"]
[BlackElo "2210"]
[Annotator "RC"]
[PlyCount "46"]
[EventDate "2020.10.09"]
[EventType "tourn"]
[EventCountry "DEN"]
[SourceTitle "playchess.com"]
[Source "ChessBase"]
[SourceQuality "1"]
[TimeControl "40/5400+30:1800+30"]

1. e4 e6 2. d4 d5 3. Nc3 Nf6 4. e5 Nfd7 5. f4 c5 6. Nf3 Nc6 7. Be3 h6 8. dxc5 Bxc5 9. Qd2 Qb6 10. Bxc5 Nxc5 11. O-O-O Bd7 12. Bd3 O-O-O 13. h4 Nb4 14. Kb1 Bc6 15. Rhe1 d4 16. Ne4 Na4 17. Nd6+ Rxd6 18. exd6 Nxa2 19. b3 N2c3+ 20. Kc1 Qb4 21. d7+ Kb8 22. Qf2 Bxf3 23. bxa4 Na2# 0-1